 Dungeon Crawl Stone Soup version 0.27-a0-328-g7f782ed93a (webtiles) character file.

Game seed: 3406915410386161300

2 CurlyBrace the Caller (level 1, 5/7 HPs)
             Began as a Felid Summoner on Feb 11, 2021.
             Was a Follower of Fedhas.
             Quit the game on level 3 of the Dungeon.
             The game lasted 00:00:37 (51 turns).

CurlyBrace the Caller (Felid Summoner)                Turns: 51, Time: 00:00:37

Health: 5/7        AC:  1    Str:  4    XL:     1   Next: 25%
Magic:  4/4        EV: 18    Int: 16    God:    Fedhas [*.....]
Gold:   25         SH:  0    Dex: 16    Spells: 3/4 levels left
                                        Lives:  0   Deaths: 0

rFire    . . .     SeeInvis +   (weapon unavailable)
rCold    . . .     Faith    .   (shield unavailable)
rNeg     . . .     Spirit   .   (armour unavailable)
rPois    .         Reflect  .   (helmet unavailable)
rElec    .         Harm     .   (cloak unavailable)
rCorr    .         Rampage  .   (gloves unavailable)
Will     .....                  (boots unavailable)
Stlth    +++.......             (no amulet)
HPRegen  0.02/turn              (no ring)
MPRegen  0.09/turn              (no ring)

@: quick
A: very small, no armour, no weapons or thrown items, stealth, claws 1, fangs 3,
see invisible, speed 1, shaggy fur 1, sharp paws
a: Renounce Religion


You were on level 3 of the Dungeon.
You worshipped Fedhas.
Fedhas was aware of your devotion.
You visited 1 branch of the dungeon, and saw 3 of its levels.

You collected 25 gold pieces.

Inventory:

Scrolls
 a - a scroll of noise {unknown}


   Skills:
 * Level 0.1 Fighting
 + Level 2.7 Dodging
 + Level 2.7 Stealth
 * Level 0.2 Unarmed Combat
 - Level 2.0 Spellcasting
 - Level 4.0 Summonings


You had 3 spell levels left.
You knew the following spells:

 Your Spells              Type           Power        Failure   Level
a - Summon Small Mammal   Summ           56%          4%          1

Your spell library contained the following spells:

 Spells                   Type           Power        Failure   Level
 Call Imp                 Summ           14%          6%          2
 Call Canine Familiar     Summ           14%          12%         3
 Summon Guardian Golem    Hex/Summ       8%           26%         3
 Summon Ice Beast         Ice/Summ       8%           65%         4
 Summon Lightning Spire   Summ/Air       8%           65%         4


Dungeon Overview and Level Annotations

Branches:
Dungeon (3/15)

Altars:
Fedhas


Innate Abilities, Weirdness & Mutations

You cannot wear armour.
You are incapable of wielding weapons or throwing items.
Your paws allow you to move quietly. (Stealth)
You have sharp claws.
You have razor-sharp teeth.
You have supernaturally acute eyesight. (SInv)
You cover ground quickly.
You are covered in fur. (AC +1)
Your sharp claws are effective at attacking unaware monsters.


Message History

Found 12 gold pieces.
Found an escape hatch in the floor.
There is a stone staircase leading up here.
You scratch the bat.
The bat is heavily wounded.
The bat hits you. The bat completely misses you. The bat closely misses you.
The bat misses you.
You scratch the bat.
You kill the bat!
The bat misses you. The bat hits you. The bat closely misses you.
There is an escape hatch in the floor here.
You miss the bat. The bat completely misses you.
You closely miss the bat. The bat barely misses you.
Really go through this one-way escape hatch?
The bat hits you but does no damage.
You slide downwards.
The hatch slams shut behind you.
You hear the sound of rushing water.
There is an entrance to a sewer on this level.
Hurry and find it before the portal rusts away!
Found a leather armour, 12 stones and 34 gold pieces.
Okay, then.
You aren't carrying any potions.
Unknown command.
Found a faded altar of an unknown god.
You see here 12 stones.
An ooze comes into view.
A bat comes into view.
You see here 18 gold pieces.
You now have 25 gold pieces (gained 18).
There is a faded altar of an unknown god here.
You cannot tell which god this altar belongs to.
Convert to them anyway?
Okay, then.
There are monsters nearby!
Unknown command.
Press < or > to pray at altars.
You cannot tell which god this altar belongs to.
Convert to them anyway?
Fedhas accepts your prayer! Fedhas welcomes you!
The plants of the dungeon cease their hostilities.
Are you sure you want to abandon this character and quit the game? (Confirm with "yes".)

#. #.# #.#
#J#####
#.....#
##.$#.b###
#..#@#...#
#...#....#
#......#.#
. #..#####
....####.#
.......(.#
########.#
#[# #.#


You could see an ooze (asleep) and a bat (asleep).

Vanquished Creatures
  2 bats
2 creatures vanquished.

Notes
Turn   | Place    | Note
-------+----------+-------------------------------------------
     0 | D:1      | CurlyBrace the Felid Summoner began the quest for the Orb.
     0 | D:1      | Reached XP level 1. HP: 7/7 MP: 4/4
    43 | D:3      | Found a faded altar of an unknown god.
    50 | D:3      | Became a worshipper of Fedhas Madash
    50 | D:3      | Reached * piety under Fedhas
    51 | D:3      | Quit the game

Illustrated notes

Levels and vault maps discovered:
D:1:      dpeg_arrival_renting, layout_basic, minmay_heptomino_l4
D:2:      layout_basic, mrwooster_statue_mirror
D:3:      layout_loops_ring, chequers_ecumenical_altar_simple,
          lightli_sewer_entry_pipes, minmay_misc_feat_room

Action                   || total
-------------------------++-------
Melee: Unarmed           ||     5
 Stab: Sleeping          ||     1
Armor: Skin              ||     1
Dodge: Dodged            ||     7

Table legend: (Time is in decaauts)
 A = Elapsed time spent in this place.
 B = Non-inter-level travel time spent in this place.
 C = Inter-level travel time spent in this place.
 D = Time resting spent in this place.
 E = Time spent auto-exploring this place.
 F = Levels seen in this place.
 G = Mean time per level.
                   A        B        C        D        E       F      G
               +--------+--------+--------+--------+--------+-----+--------+
         Total |     43 |     43 |      0 |      0 |      0 |   3 |   14.3 |
       Dungeon |     43 |     43 |      0 |      0 |      0 |   3 |   14.3 |
               +--------+--------+--------+--------+--------+-----+--------+

Top non-repeatable levels by time:
     D:1: 24 daAuts
     D:2: 11 daAuts
     D:3: 7 daAuts
